[Event "Svetozar Gligoric Masters 2022"]
[Site "Belgrade"]
[Date "2022.07.20"]
[Round "5.14"]
[White "Erdogmus, Yagiz Kaan"]
[Black "Petrovic, Aleksa"]
[Result "1-0"]
[ECO "C06"]
[WhiteElo "2373"]
[BlackElo "2230"]
[Annotator "TA"]
[PlyCount "51"]
[EventDate "2022.07.18"]
[EventCountry "SRB"]
[SourceTitle "playchess.com"]
[Source "ChessBase"]
[SourceQuality "1"]
[TimeControl "40/5400+30:900+30"]

1. e4 e6 2. d4 d5 3. Nd2 Be7 4. Ngf3 Nf6 5. e5 Nfd7 6. Bd3 c5 7. c3 Nc6 8. O-O a5 9. Re1 {9.a4 might become the main line. C06: French Tarrasch: 3...Nf6 4 e5 Nfd7 5 Bd3 main lines.} a4 ({Black should play} 9... cxd4 $11 10. cxd4 g5) 10. Nf1 $14 c4 11. Bc2 {White is slightly better.} b5 {[#]} 12. a3 $146 ({Predecessor:} 12. Ng3 h5 13. Ne2 Nf8 14. Be3 Bd7 15. a3 Na5 16. Qd2 Nb3 17. Bxb3 axb3 18. Bg5 {½-½ (63) Degraeve,J (2523)-Apicella,M (2521) Pau 2008}) 12... Qc7 13. Ng5 g6 14. Qf3 Nd8 {[#]} 15. h4 $1 Bf8 (15... Bxg5 $142 16. Bxg5 h6) 16. h5 $18 Bg7 (16... h6 $2 {[#]} 17. Nxf7 $1 Nxf7 18. hxg6 $18) 17. Ne3 h6 18. Nh3 ({Less strong is} 18. Nxf7 Nxf7 19. hxg6 Ng5 $16) 18... g5 19. Qg3 Nc6 20. f4 Bb7 21. fxg5 O-O-O 22. Ng4 f6 $2 (22... Rdg8 23. Qh2 Kb8) 23. Nf4 {White is clearly winning.} fxe5 24. Nxe6 Qb6 25. Nxg7 exd4 26. Nf5 {White took control after the opening.  Weighted Error Value: White=0.01 (flawless) /Black=0.36} 1-0

[Event "Svetozar Gligoric Masters 2022"]
[Site "Belgrade"]
[Date "2022.07.20"]
[Round "5.17"]
[White "Chen, Jonathan"]
[Black "Shahil Dey"]
[Result "0-1"]
[ECO "D53"]
[WhiteElo "2226"]
[BlackElo "2402"]
[Annotator "TA"]
[PlyCount "108"]
[EventDate "2022.07.18"]
[EventCountry "SRB"]
[SourceTitle "playchess.com"]
[Source "ChessBase"]
[SourceQuality "1"]
[TimeControl "40/5400+30:900+30"]

1. d4 Nf6 2. Nf3 d5 3. c4 c6 4. Nc3 e6 5. Bg5 h6 6. Bh4 Be7 7. e3 Nbd7 8. Bd3 dxc4 9. Bxc4 b5 10. Bd3 {D53: Queen's Gambit Declined: 4 Bg5 Be7: Early deviations.} a6 {has lost popularity (10...Bb7).} 11. a4 b4 12. Bxf6 {The position is equal.} gxf6 {[#]} 13. Ne2 $146 ({Predecessor:} 13. Ne4 f5 14. Ng3 h5 15. e4 fxe4 16. Bxe4 Bb7 17. O-O h4 18. Ne2 Nf6 19. Nd2 {0-1 (35) Kotanjian,T (2500)-Hayrapetyan,H (2486) Yerevan 2013}) 13... Bb7 14. Ng3 Qa5 15. b3 Rd8 16. Qc2 f5 17. e4 $1 f4 18. Ne2 c5 19. d5 exd5 20. exd5 Qc7 21. d6 (21. O-O $11) 21... Bxd6 $15 {A strong pair of Bishops.} 22. Be4 Ne5 {Strongly threatening ...c4.} 23. Nxe5 (23. O-O-O $11) 23... Bxe5 24. Rc1 Bxe4 {Black is more active.} 25. Qxe4 O-O 26. O-O Rfe8 27. Qf3 Re6 28. Rc4 Qc6 29. Qh3 (29. Qxc6 $17 {is a better defense.} Rxc6 30. Nxf4) 29... Rg6 (29... Rf6 $19 30. f3 Rd2) 30. Nxf4 $17 Bxf4 31. Rxf4 {[#]} Rd3 $1 32. g3 $11 Qe6 33. Qxe6 Rxe6 $15 {[%mdl 4096] Endgame KRR-KRR} 34. Rb1 Rc3 35. Kg2 Rd6 36. Rf3 Rdd3 37. Rxd3 Rxd3 $11 {KR-KR} 38. Kf1 $1 Kg7 {...Rc3 is the strong threat.} 39. Ke2 Rc3 {And now ...Kf6 would win.} 40. Kd2 $2 {White does not recover from this.} (40. a5 $1 $11) 40... Kf6 $1 $19 41. Rc1 $2 (41. f4) 41... Rxc1 $1 42. Kxc1 {KP-KP} Ke5 43. Kd2 Ke4 $1 44. a5 {[#]} h5 $1 45. Ke2 Kd4 46. Kd2 c4 47. bxc4 Kxc4 48. Kc2 Kb5 49. h4 {[#]} f5 $1 50. f4 Kc4 {Black mates.} 51. Kd2 b3 52. g4 fxg4 53. f5 b2 54. Kc2 b1=Q+ {Weighted Error Value: White=0.56/Black=0.07 (flawless)} 0-1

[Event "Svetozar Gligoric Masters 2022"]
[Site "Belgrade"]
[Date "2022.07.20"]
[Round "5.19"]
[White "Chitlange Sakshi"]
[Black "Brilej, Jaka"]
[Result "1/2-1/2"]
[ECO "D23"]
[WhiteElo "2216"]
[BlackElo "2364"]
[Annotator "TA"]
[PlyCount "86"]
[EventDate "2022.07.18"]
[EventCountry "SRB"]
[SourceTitle "playchess.com"]
[Source "ChessBase"]
[SourceQuality "1"]
[TimeControl "40/5400+30:900+30"]

1. d4 d5 2. c4 c6 3. Nf3 Nf6 4. Qc2 dxc4 5. Qxc4 Bf5 6. g3 e6 7. Bg2 Be7 8. O-O O-O 9. Nc3 Nbd7 10. Re1 Ne4 {10...Bg6 is not played anymore.} 11. Bf4 Nxc3 {D23: Queen's Gambit Accepted: 3 Nf3 Nf6 sidelines.} 12. bxc3 Be4 13. Qb3 {[#]} Qc8 $146 ({Predecessor:} 13... c5 14. Ne5 Bxg2 15. Kxg2 Nxe5 16. Bxe5 Qd7 17. e4 b5 18. Rad1 c4 19. Qc2 Rfc8 {0-1 (52) Brunello,S (2587)-Kobalia,M (2666) Plovdiv 2012}) 14. Nd2 Bd5 15. Qb2 {e4 is the strong threat.} Bxg2 16. Kxg2 b5 17. c4 a6 (17... c5 {with more complications.} 18. Rad1 cxd4 19. Qxd4 a6) 18. e4 Qb7 19. Rab1 Nb6 (19... Rfe8 $11 {keeps the balance.}) 20. Qc2 Rfd8 21. Be3 (21. c5 $5 Nd7 22. Bd6 $16) 21... Rac8 (21... Nd7 $14) 22. c5 $16 Na8 23. Nc4 Qd7 24. Ne5 Qe8 25. Red1 {0x0.0005eae539efdp-1022s more active pieces.} Nc7 26. Rd2 a5 27. a3 f6 28. Nf3 Rd7 29. h4 Bf8 {[#]} (29... a4 $11) 30. Rbd1 (30. a4 $1 $16) 30... g6 31. Qc3 a4 32. Ne1 Bg7 33. Nc2 Na6 34. f3 h5 35. Rd3 Qd8 36. Bf4 Bf8 37. R3d2 Kh7 38. Kh1 Bh6 (38... Qe7 $14) 39. Bxh6 Kxh6 40. Ne3 (40. g4 $16) 40... Nc7 {[#]} (40... Kh7 $14) 41. Nc2 ({White should try} 41. g4 $1 $18) 41... Na6 $1 42. Ne3 (42. g4 $16) 42... Nc7 $1 $18 43. Nc2 (43. g4 $18) 43... Na6 $1 {Weighted Error Value: White=0.30/Black=0.22 (precise)} 1/2-1/2

[Event "Svetozar Gligoric Masters 2022"]
[Site "Belgrade"]
[Date "2022.07.20"]
[Round "5.22"]
[White "Veselov, Yaroslav"]
[Black "Sharan, Rao"]
[Result "0-1"]
[ECO "E14"]
[WhiteElo "2206"]
[BlackElo "2342"]
[Annotator "TA"]
[PlyCount "109"]
[EventDate "2022.07.18"]
[EventCountry "SRB"]
[SourceTitle "playchess.com"]
[Source "ChessBase"]
[SourceQuality "1"]
[TimeControl "40/5400+30:900+30"]

1. d4 d5 2. c4 e6 3. Nf3 Nf6 4. e3 Be7 5. b3 b6 6. Bd3 Bb7 7. O-O O-O 8. Bb2 Nbd7 9. Nc3 c5 10. cxd5 Nxd5 11. Nxd5 Bxd5 12. Qe2 cxd4 13. Nxd4 Bf6 {E14: Queen's Indian: Classical Variation (4 e3).} 14. Rac1 Nc5 15. Bb1 g6 {The position is equal.} 16. Rfd1 Qe7 17. e4 Bb7 18. b4 Na4 {[#]} 19. Ba1 $146 ({Don't play} 19. Nc6 Bxc6 20. Bxf6 Qxf6 $17) ({Predecessor:} 19. Nc6 Bxc6 20. Bxf6 Qxf6 21. e5 Qe7 22. Rxc6 Qxb4 23. Qf3 Nc5 24. Rcd6 Rac8 25. R6d4 {1-0 (35) Brazda,A (1765)-Nyvlt,O (1935) Nachod 2003}) 19... a5 (19... Qxb4 $2 20. Rc4 (20. Nc6 Bxc6 21. Bxf6 Rfc8 $11) 20... Ba6 21. Rxb4 $18) 20. b5 Rac8 21. Rc4 Rxc4 22. Qxc4 Nc5 23. f3 Rd8 {Threatens to win with ...e5.} 24. Bc2 a4 (24... Rc8 $17) 25. Bc3 $11 Bg7 26. Ne2 (26. Be1 $11) 26... Rxd1+ $15 27. Bxd1 Qd7 28. Bc2 Bxc3 29. Nxc3 Qd2 30. Nxa4 {[#]} Qe3+ (30... Bd5 $1 $15 {stays ahead.} 31. exd5 exd5) 31. Kf1 $16 {Black must now prevent Nxc5.} Qc1+ 32. Kf2 $1 Nxa4 33. Qxa4 {[%mdl 4096] Endgame KQB-KQB} Qd2+ 34. Kf1 Qc1+ 35. Bd1 f5 36. Qc2 (36. exf5 $16 gxf5 37. Qd4) 36... Qf4 ({Better is} 36... Qa1 $14) 37. Qc4 $36 {[%mdl 2048] White is on the roll.} Qd6 38. Bb3 Kf7 39. exf5 gxf5 40. Qh4 Qd3+ 41. Kf2 Qd2+ 42. Kg3 h6 {This costs Black the game.} (42... Qe1+ $16 {might work better.} 43. Kh3 Qxh4+ 44. Kxh4 Kf6) 43. Qf4 $18 Qxf4+ 44. Kxf4 {And now Ke5 would win. KB-KB} Kf6 45. g3 e5+ 46. Ke3 Kg5 47. Bc2 Bd5 $2 (47... Kf6 48. a4 Ba8) 48. a4 $2 (48. h4+ Kf6 49. a4) 48... Kf6 $2 (48... Bb7 49. h4+ Kf6) 49. h4 (49. g4 $142 f4+ 50. Ke2) 49... Be6 (49... Bb7 50. g4 e4 51. fxe4 fxg4) 50. Bd1 $2 (50. a5) 50... Bc4 $2 (50... Bd7 51. f4 e4) 51. g4 {White is clearly winning.} f4+ {[#]} 52. Kf2 $1 Ke6 {[#]} 53. Bc2 $1 Kd6 54. h5 Ke6 55. Bf5+ {[%mdl 32768] Weighted Error Value: White=0.45/Black=0.45. Loss on time!?} 0-1

[Event "Svetozar Gligoric Masters 2022"]
[Site "Belgrade"]
[Date "2022.07.20"]
[Round "5.23"]
[White "Ilijic, Mihajilo"]
[Black "Ozer, Omer Faruk"]
[Result "0-1"]
[ECO "C84"]
[WhiteElo "2167"]
[BlackElo "2317"]
[Annotator "TA"]
[PlyCount "54"]
[EventDate "2022.07.18"]
[EventCountry "SRB"]
[SourceTitle "playchess.com"]
[Source "ChessBase"]
[SourceQuality "1"]
[TimeControl "40/5400+30:900+30"]

1. e4 e5 2. Nf3 Nc6 3. Bb5 a6 4. Ba4 Nf6 5. O-O Be7 6. Nc3 b5 7. Bb3 d6 8. a3 {8.a4 is setting a new trend. C84: Closed Ruy Lopez: Unusual White 6th moves.} Bg4 9. h3 Bh5 10. d3 {The position is equal.} (10. g4 $5 Bg6 11. d3 $14) 10... Nd4 11. g4 Nxb3 12. cxb3 Bg6 {[#]} 13. Ne2 $146 (13. b4 $11) ({Predecessor:} 13. Kh2 Nd7 14. Nd5 c6 15. Ne3 Nb6 16. Bd2 a5 17. Rc1 c5 18. b4 cxb4 19. axb4 {½-½ (29) Van Randtwijk,M (1665)-Janse,S Rijswijk 2014}) 13... h5 $17 14. g5 Nh7 15. h4 ({White should play} 15. Qc2 $15) 15... f6 16. gxf6 Bxf6 17. Ng3 Bxh4 18. Kg2 {[#]} (18. Nxh4 $17 Qxh4 19. Kg2) 18... Bf6 $1 $19 19. Rh1 Nf8 20. Be3 Ne6 21. Ng1 (21. Nf5 $142) 21... h4 22. Qg4 Bf7 23. Nf3 Qd7 {[%cal Oe6f4] [#] Threatens to win with ...Nf4+!} 24. Nf5 $2 (24. Kf1) 24... Bh5 {Black is clearly winning.} 25. Qh3 g6 26. Nh6 Nf4+ 27. Bxf4 exf4 {Black took control after the opening.  Weighted Error Value: White=0.49/Black=0.08 (flawless)} 0-1

[Event "Svetozar Gligoric Masters 2022"]
[Site "Belgrade"]
[Date "2022.07.21"]
[Round "6.1"]
[White "Predke, Alexandr"]
[Black "Neelash Saha"]
[Result "1-0"]
[ECO "B90"]
[WhiteElo "2688"]
[BlackElo "2446"]
[Annotator "TA"]
[PlyCount "83"]
[EventDate "2022.07.18"]
[EventCountry "SRB"]
[SourceTitle "playchess.com"]
[Source "ChessBase"]
[SourceQuality "1"]
[TimeControl "40/5400+30:900+30"]

1. e4 c5 2. Nf3 d6 3. d4 cxd4 4. Nxd4 Nf6 5. Nc3 a6 6. f3 e5 7. Nb3 Be7 8. Be3 Be6 9. Qd2 h5 10. O-O-O Nbd7 11. Kb1 Rc8 {is recently more successful than 11...b5.} 12. Nd5 {B90: Sicilian Najdorf: Unusual White 6th moves, 6 Be3 Ng4 and 6 Be3 e5.} Nxd5 13. exd5 Bf5 14. Bd3 {The position is equal.} Bxd3 15. Qxd3 Bg5 16. Bf2 Qc7 17. h4 Bh6 18. Rhe1 O-O 19. g4 {aiming for g5.} Bf4 {[#]} 20. c3 $146 ({Predecessor:} 20. Nd2 Nf6 21. g5 Nd7 22. Ne4 f5 23. gxf6 Nxf6 24. Ng5 {½-½ (24) Soudny,J (2240)-Jerabek,Z (2255) ICCF email 2003}) 20... a5 (20... hxg4 $11 21. fxg4 Nf6) 21. Qb5 (21. gxh5 $14 {deserves consideration.} a4 22. Nc1) 21... b6 (21... hxg4 $11 22. fxg4 b6) 22. gxh5 $14 Rfd8 23. Re4 {White is more active.} Nc5 24. Rc4 (24. Nxc5 $16 bxc5 25. Rg1) 24... Qd7 {[#]} (24... Ra8 $11) 25. Qxd7 $1 $16 Rxd7 26. Nxc5 (26. Kc2 {with more complications.} f6 27. a4 Rb8 28. Nxc5 bxc5 29. b4) 26... bxc5 27. Ra4 Ra8 28. Kc2 Rb7 ({Better is} 28... Kh7 $14) 29. Rb1 Kh7 30. a3 {[%cal Ba2a3,Ba3b4,Bb4b5,Bb5b6,Bb6b7][%mdl 32] Black must now prevent b4.} Rba7 (30... Rc7 $14) 31. Kd3 Kh6 {[#]} 32. b4 $1 axb4 (32... Rb7 {was worth a try.} 33. Rg1 f5) 33. Rxa7 $18 Rxa7 34. axb4 {[%mdl 4096] Endgame KRB-KRB} Ra2 $2 {[#]} (34... Rb7 35. b5 Rb6) 35. b5 $1 {White is clearly winning.} c4+ (35... Kxh5 36. b6) 36. Kxc4 Rxf2 {KRB-KR} 37. b6 Be3 38. b7 Ba7 39. Ra1 Rb2 40. Rxa7 Kxh5 41. Kd3 f5 42. c4 {Weighted Error Value: White=0.12 (very precise) /Black=0.49} 1-0

[Event "Svetozar Gligoric Masters 2022"]
[Site "Belgrade"]
[Date "2022.07.21"]
[Round "6.2"]
[White "Harikrishnan.A.Ra"]
[Black "Koustav Chatterjee"]
[Result "0-1"]
[ECO "D38"]
[WhiteElo "2396"]
[BlackElo "2485"]
[Annotator "TA"]
[PlyCount "85"]
[EventDate "2022.07.18"]
[EventCountry "SRB"]
[SourceTitle "playchess.com"]
[Source "ChessBase"]
[SourceQuality "1"]
[TimeControl "40/5400+30:900+30"]

1. d4 Nf6 2. c4 e6 3. Nf3 d5 4. Nc3 Bb4 5. cxd5 exd5 6. Bg5 h6 7. Bh4 Nbd7 {7...Bf5 is the modern continuation. D38: Queen's Gambit Declined: Ragozin Defence (4 Nf3 Bb4).} 8. Qc2 g5 9. Bg3 Ne4 {White is slightly better.} 10. Nd2 Nxg3 11. hxg3 Nb6 12. a3 Bf8 13. e3 c6 14. Bd3 Be6 15. b4 h5 {[#]} 16. Nb3 $146 ({Predecessor:} 16. Rb1 h4 17. Ne2 a6 18. Nb3 Bc8 19. Nc5 Qf6 20. gxh4 gxh4 21. a4 Be7 22. a5 {½-½ (29) Thompson,B (2413)-Necchi,S ICCF email 2017}) 16... Qf6 17. b5 h4 18. bxc6 bxc6 {White must now prevent ...hxg3.} 19. gxh4 (19. Ne2 {with more complications.} hxg3 20. Qxc6+ Kd8 21. Rxh8 gxf2+ 22. Kd2) 19... gxh4 20. Ne2 Rc8 21. Nf4 Bd6 22. Nxe6 fxe6 23. Qe2 Ke7 24. Kf1 Nd7 25. e4 Qg5 26. e5 (26. exd5 $15 {should be considered.} cxd5 27. Re1) 26... Bc7 $17 27. Qe3 Qxe3 {Active counter play!} 28. fxe3 c5 $1 29. Bb5 cxd4 ({Weaker is} 29... c4 30. Bxd7 Rcf8+ 31. Ke2 cxb3 32. Bb5 $15) 30. Bxd7 Kxd7 31. exd4 Bb6 32. Ra2 $2 {[#] Against Rc2. Loses the game.} (32. Rh3 $17) 32... Bxd4 $1 $19 33. Re2 Bc3 {Strongly threatening ...Rb8.} 34. Rh3 Rh5 35. Nc1 $2 (35. Ree3 Bb2 36. g3) 35... Bxe5 {Black is clearly winning.} 36. Nd3 Bg3 {[#] aiming for ...Rf5+.} 37. Rb2 e5 38. Rb5 e4 39. Nc5+ Kc6 40. a4 Rf5+ 41. Ke2 Rf2+ 42. Ke3 Kd6 43. Kd4 {Weighted Error Value: White=0.56/Black=0.05 (flawless)} 0-1

[Event "Svetozar Gligoric Masters 2022"]
[Site "Belgrade"]
[Date "2022.07.21"]
[Round "6.3"]
[White "Petrov, Nikita"]
[Black "Stoyanov, Tsvetan"]
[Result "1/2-1/2"]
[ECO "A45"]
[WhiteElo "2558"]
[BlackElo "2450"]
[Annotator "TA"]
[PlyCount "57"]
[EventDate "2022.07.18"]
[EventCountry "SRB"]
[SourceTitle "playchess.com"]
[Source "ChessBase"]
[SourceQuality "1"]
[TimeControl "40/5400+30:900+30"]

1. d4 Nf6 2. Bg5 Ne4 3. Bf4 d5 4. e3 Bf5 5. f3 Nd6 6. g4 {A45: Trompowsky Attack.} Bg6 7. h4 {[#] And now h5 would win.} f6 $146 (7... h5 $5 ) ({Predecessor:} 7... h5 8. g5 c6 9. Bd3 Bxd3 10. Qxd3 Qb6 11. Bxd6 exd6 12. Nc3 g6 13. O-O-O Qa6 {1-0 (43) Carlsen,M (2876)-Grandelius,N (2691) chess24.com INT 2020}) 8. Nc3 {White has an edge.} Bf7 9. e4 dxe4 10. fxe4 {With the idea e5.} ({Reject} 10. Nxe4 Nd7 $11) 10... e5 $1 11. dxe5 fxe5 12. Bxe5 Qe7 13. Bf4 $36 {[%mdl 2048] White has some pressure.} Nxe4 14. Nxe4 Qxe4+ 15. Qe2 Qxe2+ 16. Nxe2 Nd7 17. O-O-O O-O-O 18. Nc3 {Black must now prevent Nb5.} Be6 (18... Bc5 $11 {was preferrable.}) 19. Nb5 $14 Bc5 20. Bxc7 Bxg4 {[#]} (20... Rde8 $1 $14) 21. Rd3 {White is more active.} (21. Bh3 $1 $16 Bxd1 22. Rxd1) 21... Rde8 22. Bg3 {[%cal Ob2b4] Against Re1+. Threatens to win with b4!} a6 23. Nd6+ (23. b4 {feels hotter.} Be3+ 24. Kb1 axb5 25. Rc3+) 23... Bxd6 24. Bxd6 {aiming for Rc3+.} (24. Rxd6 $5 Re3 25. Bf2 $14) 24... Ne5 (24... Re1+ $11 {is more appropriate.} 25. Kd2 Rd1+ 26. Kc3 Re1) 25. Rd4 {Strongly threatening Bxe5.} h5 26. Bg2 Rh6 27. Rd5 Nc6 28. Rf1 Rhe6 {Hoping for ...Re1+.} 29. b3 {Weighted Error Value: White=0.17 (very precise) /Black=0.11 (very precise)} 1/2-1/2

[Event "Svetozar Gligoric Masters 2022"]
[Site "Belgrade"]
[Date "2022.07.21"]
[Round "6.4"]
[White "Pranav Vijay"]
[Black "Samant Aditya S"]
[Result "0-1"]
[ECO "A07"]
[WhiteElo "2265"]
[BlackElo "2431"]
[Annotator "TA"]
[PlyCount "104"]
[EventDate "2022.07.18"]
[EventCountry "SRB"]
[SourceTitle "playchess.com"]
[Source "ChessBase"]
[SourceQuality "1"]
[TimeControl "40/5400+30:900+30"]

1. Nf3 d5 2. g3 c6 3. Bg2 Bg4 4. O-O Nd7 5. d3 e5 6. Nbd2 Ngf6 7. e4 dxe4 8. dxe4 Bc5 9. h3 Bh5 10. a4 {A07: Réti Opening: New York and Capablanca Systems.} O-O 11. Qe1 Re8 12. Nc4 {White is slightly better.} b5 13. Na5 Qc7 14. Nh4 a6 15. Nb3 Bb6 16. Be3 {[#]} c5 $146 ({Predecessor:} 16... Bxe3 17. Qxe3 c5 18. axb5 axb5 19. c4 bxc4 20. Nd2 Nf8 21. Nxc4 Ne6 22. Nf5 Nd4 23. Qg5 Ne6 24. Qd2 Nd4 {½-½ (24) Romm,M (2445)-Muzyka,N (2335) ICCF email 2014}) 17. a5 Ba7 18. c4 $1 Nf8 19. Nd2 (19. cxb5 {feels hotter.} axb5 20. Nxc5 Bxc5 21. Rc1) 19... Ne6 20. f4 Nd4 21. Qf2 (21. Bxd4 $11 {keeps the balance.} cxd4 22. cxb5 axb5 23. g4) 21... Be2 {Black is much more active.} (21... Rad8 $17) 22. Rfc1 $15 bxc4 23. Nxc4 (23. Bxd4 $2 cxd4 24. Kh1 c3 25. Qxe2 cxb2 26. Rxc7 bxa1=Q+ $19) 23... Bxc4 24. Rxc4 Qb7 (24... Qd7 $15 25. Nf5 Rad8 26. fxe5 Rxe5 27. Nh6+ Kf8) 25. Nf5 $11 Nxf5 (25... Nxe4 26. Nd6 Qd5 27. Bxe4 $16) 26. exf5 e4 27. g4 Qb3 28. Rc3 Qb4 29. Rd1 {Inhibits Nd5. Black must now prevent g5.} Rad8 30. Rxd8 Rxd8 31. Bf1 Nd5 32. Rc4 Qxa5 33. Rxe4 Nxe3 34. Qxe3 Kf8 {Inhibits Re8+.} 35. Re7 Bb8 36. Rb7 {White wants to mate with Qe7+.} Re8 {Prevents Qe7+.} (36... Bc7 $11) 37. Qd3 (37. Qb3 $14 Bc7 38. g5) 37... Bxf4 {...Qe1 is the strong threat.} 38. Qc4 Bc7 $1 39. b4 {[%mdl 64] Deflection} ({But not} 39. Qxa6 $2 {[#]} Qe1 $1 40. Qa3 Qe5 41. Rxc7 Qxc7 $19) 39... Qa3 40. Bd3 $2 (40. Qd3 $11 Qxd3 41. Bxd3) 40... Re7 $19 41. bxc5 {[#]} ({Avoid the trap} 41. Qxc5 $2 Qxd3 42. Qxe7+ Kxe7 $19) 41... Bh2+ $1 42. Kxh2 {[%cal Oc4d4] White threatens Qd4! and mate.} Rxb7 {[%mdl 4096] Endgame KQR-KQB} 43. Qd5 Qb2+ 44. Kg3 Re7 {aiming for ...Re3+.} 45. Qd8+ Re8 46. Qd6+ Kg8 {( -> ...Re3+)} 47. Kh4 (47. Kf3 $19 Qd2 48. Qd4) 47... Qf2+ {Black mates.} 48. Kh5 Qe3 49. h4 g6+ 50. fxg6 Re5+ 51. g5 {[#]} Rxg5+ $3 52. hxg5 (52. Kh6 Re5#) 52... Qh3# {Weighted Error Value: White=0.50/Black=0.07 (flawless)} 0-1

[Event "Svetozar Gligoric Masters 2022"]
[Site "Belgrade"]
[Date "2022.07.21"]
[Round "6.5"]
[White "Radovanovic, Nikola"]
[Black "Arjun Kalyan"]
[Result "1/2-1/2"]
[ECO "C26"]
[WhiteElo "2422"]
[BlackElo "2499"]
[Annotator "TA"]
[PlyCount "96"]
[EventDate "2022.07.18"]
[EventCountry "SRB"]
[SourceTitle "playchess.com"]
[Source "ChessBase"]
[SourceQuality "1"]
[TimeControl "40/5400+30:900+30"]

1. e4 e5 2. Nc3 Nf6 3. d4 exd4 4. Qxd4 Nc6 5. Qd3 d5 6. Bf4 {[%cal Rc3d5] C26: Vienna Game: 2...Nf6, sidelines .} Nb4 {[#]} 7. Qd2 $146 ({Predecessor:} 7. Qe2 dxe4 8. a3 Nbd5 9. O-O-O c6 10. Bg5 Be7 11. Bxf6 Bxf6 12. Qxe4+ Qe7 13. Qxe7+ Nxe7 14. Ne4 Be5 15. g3 Bf5 {½-½ (15) Meskovs,N (2568)-Kantor,G (2533) Riga 2021}) 7... Nxe4 8. Nxe4 dxe4 9. Qxd8+ Kxd8 10. O-O-O+ Bd7 11. Bc4 Bd6 12. Bxd6 cxd6 13. Rxd6 Kc7 (13... Ke7 {keeps more tension.} 14. Rd4 f5 15. f3 Rhd8) 14. Rd2 f5 15. Nh3 Rae8 16. Rhd1 Bc8 17. Ng5 Re7 18. h4 Nc6 19. Nh3 Ne5 20. Bb3 Bd7 21. Nf4 Bc6 22. Bd5 Rhe8 23. Bxc6 bxc6 24. Re2 g6 25. Red2 h6 26. h5 (26. Rd4 $11) 26... g5 $15 27. Ng6 Nxg6 28. hxg6 $11 {[%mdl 4096] Endgame KRR-KRR} f4 29. Rd6 Rf8 30. g7 Rg8 31. Rxh6 Rgxg7 32. Rdd6 e3 33. Rxc6+ Kb7 34. fxe3 Rxe3 35. Rce6 Rg3 36. Re2 g4 37. Rf6 f3 38. gxf3 Rg1+ 39. Kd2 g3 40. Rfe6 {Threatens to win with Re7+.} Rf1 (40... g2 $2 41. Re7+ Rxe7 42. Rxe7+ Kc6 43. Rg7 $18) 41. Re7+ Rxe7 42. Rxe7+ {KR-KR} Kc6 43. Rg7 {[#] And now Rg6+ would win.} ({Don't go for} 43. Rxa7 $2 g2 44. Ra6+ (44. Rg7 $2 g1=Q $19) 44... Kb5 $19) 43... Rxf3 44. Rxa7 {Hoping for b3.} Rf2+ {The position is equal.} 45. Kd3 {Black must now prevent Rg7.} Rf3+ 46. Ke4 Rf2 47. Rg7 Rxc2 48. Rxg3 {[#] Threatening mate with Rc3+.} Rxb2 {Weighted Error Value: White=0.06 (flawless) /Black=0.02 (flawless)} 1/2-1/2

[Event "Svetozar Gligoric Masters 2022"]
[Site "Belgrade"]
[Date "2022.07.21"]
[Round "6.6"]
[White "Erdogmus, Yagiz Kaan"]
[Black "Maksimovic, Bojan"]
[Result "1/2-1/2"]
[ECO "B32"]
[WhiteElo "2373"]
[BlackElo "2465"]
[Annotator "TA"]
[PlyCount "102"]
[EventDate "2022.07.18"]
[EventCountry "SRB"]
[SourceTitle "playchess.com"]
[Source "ChessBase"]
[SourceQuality "1"]
[TimeControl "40/5400+30:900+30"]

1. e4 c5 2. Nf3 Nc6 3. d4 cxd4 4. Nxd4 e5 5. Nb5 d6 6. c4 g6 {6...Be6 is becoming the main line. B32: Sicilian: Löwenthal and Kalashnikov Variations.} 7. Be3 {Strongly threatening N1c3.} a6 8. N5c3 {[#] Nd5 is the strong threat.} Bg7 {White is slightly better.} 9. Nd5 {Hoping for Bb6.} Nd4 $1 10. Nbc3 Nf6 {[#]} 11. Nxf6+ $146 ({Predecessor:} 11. Bxd4 Nxd5 12. Bxe5 Nxc3 13. Bxc3 Bxc3+ 14. bxc3 O-O 15. Bd3 Qc7 16. O-O Be6 17. Rb1 Rfc8 18. Re1 b5 19. cxb5 axb5 20. Bxb5 Rxa2 21. Re3 Qc5 22. Qd4 Qxb5 {0-1 (22) Burridge,R (1899)-Vercauteren,N (1691) ICCF email 2018}) 11... Bxf6 12. Nd5 Bg7 13. Bd3 Be6 14. O-O O-O 15. Bxd4 exd4 16. Qd2 Rc8 17. b4 Bxd5 18. exd5 a5 19. a3 Ra8 20. Rfb1 Qc7 21. g3 Ra7 22. Qc1 b6 23. Qb2 axb4 24. axb4 Rfa8 {The position is equal.} 25. Re1 h5 26. h4 Bf6 27. Kg2 Kg7 28. Rec1 Qd7 29. Re1 Ra4 30. Rec1 Qb7 31. Rxa4 Rxa4 32. Ra1 Qa8 33. Rxa4 Qxa4 $11 {[%mdl 4096] Endgame KQB-KQB} 34. Bc2 Qe8 {[%cal Od4d3] [#] Threatens to win with ...d3!} 35. Bd3 Qe1 36. Qa3 Qd2 37. c5 dxc5 38. bxc5 bxc5 39. d6 {Inhibits Be7.} g5 40. Bc4 {Intending Qa7 and mate.} Qc2 41. Qxc5 Qe4+ 42. Kg1 Qe1+ 43. Kg2 Qe4+ 44. Kg1 d3 45. Qc7 Qg6 {aiming for ...d2.} ({Don't take} 45... Qe1+ 46. Kg2 Qe4+ 47. Kh2 $14) 46. hxg5 ({Much worse is} 46. d7 d2 47. d8=Q Bxd8 $15) 46... Bxg5 {And now ...d2 would win.} 47. d7 d2 48. Qe5+ Qf6 49. Qxf6+ Bxf6 50. Be2 h4 51. gxh4 Bxh4 {Weighted Error Value: White=0.03 (flawless) /Black=0.03 (flawless)} 1/2-1/2